Selects Italian Coastal Battlegroup
Construct Infanterie Kompanie
Construct Luftwaffe Kompanie
Flak 30 Anti-aircraft Gun Team
Flak 30 Anti-aircraft Gun Team
Selects Designate Defensive Line
Selects Rapid Fortifications
Construct Panzergrenadier Kompanie
Luftwaffe Officer Quarters
Pak 40 Anti-tank Gun Team
Selects Artillery Officer
Nebelwerfer 42 Rocket Launcher Team
Construct Panzer Kompanie
Selects Obice da 210/22 Artillery Emplacement